AoeStats
← Shredded_Pork

Highland

506637379Analyzed
4v4 RM · 18d ago on Sep 14, 2026· 97m 11s· 8 players
Game mode
Random Map
Map size
Large (8 player)
Population
200
Speed
Normal
Resources
Standard
Victory
Conquest
Starting age
Dark Age
Ending age
Imperial Age
RankedLock teamsTeams togetherTeam positionsShared explorationLock speedFull tech treeHidden civsTurbo modeCheats
Victory
Defeat
🇨🇳 Vikings · China
765
+11
🇨🇳 Khmer · China
758
+11
🇨🇳 Teutons · China
756
+11
🇨🇳 Chinese · China
744
+12
🇨🇳 Hindustanis · China
723
-13
🇩🇪 Franks · Germany
697
-13
🇨🇳 Ethiopians · China
648
-11
🇬🇧 Britons · United Kingdom
540
-8
LL KID CASH LL
0:33 Loom
12:54 Feudal Age
13:29 Double-Bit Axe
14:21 Wheelbarrow
13:32 Town Watch
13:31 Horse Collar
23:48 Gold Mining
24:06 Stone Mining
26:26 Arson
30:12 Castle Age
31:43 Hand Cart
32:07 Fervor
33:05 Gold Shaft Mining
33:50 Bow Saw
34:52 Caravan
36:58 Husbandry
36:21 Light Cavalry
39:13 Coinage
40:30 Squires
40:43 Gambesons
43:24 Yeomen
43:10 Pikeman
45:05 Sanctity
44:41 Herbal Medicine
44:25 Elite Skirmisher
45:30 Scale Barding Armor
45:35 Forging
45:16 Fletching
45:27 Scale Mail Armor
45:28 Padded Archer Armor
45:56 Ballistics
45:33 Murder Holes
45:20 Treadmill Crane
46:02 Fortified Wall
46:46 Devotion
48:03 Chain Barding Armor
48:00 Leather Archer Armor
47:41 Heated Shot
47:46 Guard Tower
48:13 Man-at-Arms
54:30 Imperial Age
52:52 Town Patrol
56:23 Guilds
56:44 Banking
56:03 Elite Longbowman
56:14 Sappers
57:20 Hoardings
57:07 Conscription
58:35 Ring Archer Armor
58:20 Chain Mail Armor
58:41 Iron Casting
58:02 Bodkin Arrow
58:44 Plate Barding Armor
57:58 Arrowslits
59:15 Chemistry
58:21 Siege Engineers
58:28 Masonry
59:24 Two-Man Saw
58:28 Heavy Plow
58:42 Halberdier
60:35 Warwolf
62:11 Long Swordsman
65:05 Two-Handed Swordsman
68:59 Plate Mail Armor
69:30 Blast Furnace
68:31 Bracer
68:00 Heavy Scorpion
68:13 Champion
Konstaedter
0:40 Loom
13:43 Feudal Age
15:56 Wheelbarrow
15:16 Double-Bit Axe
23:38 Castle Age
22:01 Stone Mining
22:02 Gold Mining
24:42 Fletching
24:53 Padded Archer Armor
27:15 Hand Cart
26:46 Town Watch
27:14 Crossbowman
28:46 Gold Shaft Mining
30:43 Bow Saw
31:38 Town Patrol
35:28 Bodkin Arrow
35:49 Leather Archer Armor
38:25 Caravan
38:31 Elite Skirmisher
42:25 Forging
42:21 Scale Barding Armor
42:17 Scale Mail Armor
43:50 Ballistics
43:26 Murder Holes
43:42 Fortified Wall
43:59 #83
48:27 Iron Casting
48:08 Chain Mail Armor
48:14 Chain Barding Armor
48:08 Masonry
49:50 Husbandry
54:09 Imperial Age
51:11 Light Cavalry
54:17 Capped Ram
55:06 Cavalier
57:01 Plate Mail Armor
57:14 Onager
57:34 Heavy Cavalry Archer
59:06 Chivalry
59:27 Conscription
62:21 Blast Furnace
63:26 Paladin
67:07 Plate Barding Armor
68:58 Heavy Scorpion
70:49 Chemistry
70:22 Architecture
70:00 Siege Engineers
73:34 Elite Throwing Axeman
74:50 Hoardings
75:44 Pikeman
76:24 Squires
76:09 Arson
Shredded_Pork
10:59 Feudal Age
12:38 Double-Bit Axe
12:40 Horse Collar
20:25 Castle Age
19:17 Stone Mining
22:17 Bow Saw
24:19 Heavy Plow
25:46 Stone Shaft Mining
25:02 Gold Mining
33:16 Imperial Age
33:44 Gold Shaft Mining
33:27 Forging
33:18 Scale Mail Armor
33:23 Scale Barding Armor
33:19 Padded Archer Armor
33:09 Fletching
33:31 Husbandry
33:42 Bloodlines
34:20 Wheelbarrow
34:14 Squires
34:55 Iron Casting
35:29 Two-Man Saw
35:52 Chemistry
35:12 Grand Trunk Road
35:14 Shatagni
35:36 Conscription
36:52 Hand Cart
36:56 Leather Archer Armor
37:34 Bodkin Arrow
37:55 Chain Mail Armor
38:52 Caravan
40:30 Ring Archer Armor
40:00 Bracer
39:52 Heavy Camel Rider
42:08 Imperial Camel Rider
44:19 Ballistics
46:23 Chain Barding Armor
47:04 Blast Furnace
47:44 Plate Barding Armor
63:49 Light Cavalry
64:25 Hussar
zero
3:54 Loom
13:04 Feudal Age
14:03 Horse Collar
14:12 Double-Bit Axe
18:00 Castle Age
18:47 Heavy Plow
20:39 Wheelbarrow
24:11 Squires
28:07 Hand Cart
29:17 Fletching
33:16 Royal Heirs
35:50 Imperial Age
34:28 Thumb Ring
33:47 Crossbowman
34:33 Padded Archer Armor
34:41 Scale Mail Armor
35:38 Town Watch
36:03 Arbalester
37:58 Torsion Engines
38:25 Conscription
38:17 Halberdier
39:45 Town Patrol
40:03 Guilds
39:54 Onager
40:05 Capped Ram
40:49 Bodkin Arrow
41:16 Chain Mail Armor
41:18 Bow Saw
41:26 Forging
41:32 Siege Onager
42:18 Elite Shotel Warrior
45:08 Chemistry
44:14 Bracer
44:40 Arson
45:13 Siege Ram
46:43 Ballistics
47:32 Two-Man Saw
47:22 Caravan
47:31 Siege Engineers
49:02 Iron Casting
49:03 Plate Mail Armor
49:18 Leather Archer Armor
60:40 Blast Furnace
60:16 Ring Archer Armor
59:59 Masonry
60:02 Fortified Wall
90:11 Heavy Scorpion
Tirite
10:40 Feudal Age
11:20 Double-Bit Axe
11:16 Horse Collar
13:32 Gold Mining
16:57 Stone Mining
21:10 Castle Age
21:14 Loom
21:20 Loom
22:08 Bow Saw
22:01 Heavy Plow
22:37 Stone Shaft Mining
27:58 Imperial Age
26:46 Caravan
29:52 Two-Man Saw
29:43 Wheelbarrow
28:53 Town Watch
30:22 Crop Rotation
30:35 Fletching
31:28 Hand Cart
33:45 Chemistry
33:16 Town Patrol
33:34 Bodkin Arrow
34:10 Siege Engineers
34:16 Masonry
34:44 Forging
36:05 Crenellations
36:07 Ironclad
36:08 Conscription
36:57 Iron Casting
36:22 Scale Mail Armor
36:45 Ballistics
37:10 Elite Teutonic Knight
38:43 Fortified Wall
38:24 Heated Shot
38:20 Arrowslits
39:32 Chain Mail Armor
39:37 Fervor
39:48 Sanctity
40:19 Hoardings
41:07 Bloodlines
41:07 Cavalier
42:38 Plate Mail Armor
43:08 Blast Furnace
43:10 Scale Barding Armor
43:23 Paladin
43:37 Elite Skirmisher
47:41 Chain Barding Armor
49:26 Onager
51:15 Siege Onager
85:39 Plate Barding Armor
85:05 Padded Archer Armor
93:41 Spies/Treason
JJFFGG
13:56 Feudal Age
14:50 Double-Bit Axe
23:28 Castle Age
27:40 Bow Saw
27:13 Horse Collar
30:50 Imperial Age
30:31 Fletching
31:01 Gold Mining
31:59 Town Watch
32:56 Gold Shaft Mining
32:56 Heavy Plow
33:57 Two-Man Saw
33:23 Bodkin Arrow
33:19 Elite Longship
34:18 Caravan
34:54 Bogsveigar
36:14 Chemistry
35:23 Bracer
36:44 Conscription
37:22 Careening
37:23 Clinker Construction
37:59 Siege Engineers
39:11 Dry Dock
39:14 Carvel Hull
42:44 Squires
42:30 Arson
42:38 Man-at-Arms
43:05 Gambesons
43:24 Long Swordsman
44:36 Scale Mail Armor
44:47 Forging
44:00 Two-Handed Swordsman
45:39 Town Patrol
46:34 Masonry
46:46 Ballistics
46:40 Masonry
47:15 Iron Casting
46:56 Chain Mail Armor
48:51 Champion
53:57 Elite Berserk
59:29 Architecture
59:35 Plate Mail Armor
60:06 Blast Furnace
59:07 Elite Cannon Galleon
61:20 Fortified Wall
60:57 Arrowslits
77:32 Elite Berserk
78:16 Chieftains
82:32 Capped Ram
85:09 Siege Ram
94:29 Spies/Treason
醉酒离殇
0:31 Loom
12:59 Feudal Age
13:41 Double-Bit Axe
16:20 Horse Collar
17:30 Gold Mining
19:45 Wheelbarrow
21:02 Stone Mining
23:21 Castle Age
24:50 Hand Cart
24:44 Heavy Plow
25:22 Gold Shaft Mining
25:26 Stone Shaft Mining
25:06 Bow Saw
28:42 Imperial Age
26:56 Caravan
31:34 Crop Rotation
31:34 Ballistics
32:15 Chemistry
40:55 Scale Barding Armor
41:31 Bloodlines
41:21 Husbandry
40:43 Elite Battle Elephant
45:05 Forging
45:15 Chain Barding Armor
48:43 Tusk Swords
48:05 Elite Ballista Elephant
49:07 Conscription
51:51 Double Crossbow
52:02 Siege Engineers
52:35 Plate Barding Armor
52:35 Iron Casting
57:34 Heavy Scorpion
64:40 Coinage
68:18 Banking
79:50 Blast Furnace
zar
0:35 Loom
10:01 Feudal Age
10:37 Double-Bit Axe
20:15 Castle Age
18:19 Fletching
19:51 Horse Collar
23:13 Heavy Plow
27:08 Gold Mining
27:14 Stone Mining
29:11 Gold Shaft Mining
28:54 Bow Saw
29:43 Stone Shaft Mining
31:54 Bodkin Arrow
31:59 Padded Archer Armor
32:10 Forging
32:01 Scale Mail Armor
32:06 Scale Barding Armor
46:22 Imperial Age
44:29 Wheelbarrow
43:42 Town Watch
44:31 Chain Barding Armor
44:27 Chain Mail Armor
44:47 Iron Casting
44:27 Leather Archer Armor
46:57 Heavy Scorpion
49:02 Ring Archer Armor
48:32 Bracer
49:33 Blast Furnace
49:03 Plate Mail Armor
49:09 Plate Barding Armor
49:41 Two-Man Saw
49:04 Elite Chu Ko Nu
50:06 Rocketry
49:20 Sappers
50:11 Conscription
49:52 Great Wall
52:30 Ballistics
53:13 Chemistry
75:32 Caravan
76:05 Coinage
78:42 Banking
83:52 Bombard Tower
83:17 Arrowslits
83:23 Guard Tower
83:43 Fortified Wall
83:28 Murder Holes
83:24 Heated Shot
83:45 Masonry
86:26 Keep
85:59 Siphons
86:15 Shipwright
86:05 Clinker Construction
86:06 Careening
86:10 Fervor
86:01 Atonement
86:17 Block Printing
86:27 Illumination
86:03 Devotion
86:23 Sanctity
86:39 Theocracy
85:59 Herbal Medicine
91:32 Faith
91:45 Architecture
91:36 Dry Dock
91:11 Heavy Rocket Cart
91:11 Capped Ram
93:13 Siege Ram
94:54 Spies/Treason
96:17 Man-at-Arms
96:18 Pikeman
96:18 Elite Fire Lancer
96:44 Arson
96:59 Squires
97:02 Crossbowman
97:02 Elite Skirmisher
97:03 Heavy Cavalry Archer
97:49 Thumb Ring
97:10 Long Swordsman
Connection lost

Rejoining the realm…

Still unreachable

The connection could not be restored.

Session expired

The server has moved on; the page needs a fresh start.